Connexion

FLORIDA Panthers vs TORONTO Maple Leafs

Created - 28 septembre 2023 at 05:42

Goals
1 2 3 T
FLORIDA Panthers 2 0 1 3
TORONTO Maple Leafs 4 0 0 4
Shots
1 2 3 T
FLORIDA Panthers 15 5 5 25
TORONTO Maple Leafs 10 7 10 27

GoalsPenalties
1st period
1. TORONTO Maple Leafs , Jakub Vrana 9 (Jake Muzzin 8, Alex Debrincat 14) at 0:14
2. TORONTO Maple Leafs , Jakub Vrana 10 (Jordan Kyrou 11, Alex Debrincat 15) at 1:34 (PP)
3. FLORIDA Panthers , Jacob Trouba 1 (Carter Verhaeghe 8, Mario Ferraro 5) at 9:11
4. TORONTO Maple Leafs , Mason Marchment 5 (Quinn Hughes 19, Jonathan Huberdeau 6) at 12:11
5. TORONTO Maple Leafs , Alex Goligoski 1 (Christopher Wagner 2, Dominik Kahun 3) at 12:29
6. FLORIDA Panthers , Carter Verhaeghe 7 (Mikael Backlund 16, Ian Cole 10) at 15:50
Mario Ferraro (FLO) for Goalie Interference (Minor) at 1:16
Alex Goligoski (TOR) for Tripping (Minor) at 9:36
2nd period
No Goal
Jordan Kyrou (TOR) for Hooking (Minor) at 4:10
3rd period
7. FLORIDA Panthers , Connor Timmins 1 (Cody Eakin 14) at 19:06
Alex Goligoski (TOR) for Holding (Minor) at 10:43
Jacob Trouba (FLO) for Hooking (Minor) at 14:17
Goalie Stats
Petr Mrazek (FLO), 5 saves from 9 shots - (0,556), L, 10-9-0, 12:29 minutes
Charlie Lindgren (FLO), 18 saves from 18 shots - (1,000), 46:47 minutes
Carter Hart (TOR), 22 saves from 25 shots - (0,880), W, 8-7-2, 60:00 minutes
3 StarsOfficial
1 - Jakub Vrana (TOR)
2 - Carter Verhaeghe (FLO)
3 - Alex Debrincat (TOR)
Referees : Tim Peel and Eric Furlatt
Linesman : Mark Shewchyk and Lyle Seitz
Game Note
Charlie Lindgren enters game at 12:29 of 1st period
Finance
Level 1 -- Attendance: 5203 (86,72%) -- Ticket Income 676 390 $
Level 2 -- Attendance: 4961 (85,26%) -- Ticket Income 372 075 $
Level 3 -- Attendance: 1835 (91,75%) -- Ticket Income 91 750 $
Level 4 -- Attendance: 4000 (100,00%) -- Ticket Income 120 000 $
Luxury Box -- Attendance: 945 (94,50%) -- Ticket Income 245 700 $
Game was played at the Air Canada Centre.
Total Attendance: 16944 (90,04%)
Total Ticket Income: 1 505 915 $
Other Income: 301 183 $
Total Income: 1 807 098 $



Team Name Goals Shots Shots Attemp Shots Blocked PIM HIT PP PK FO%
FLORIDA Panthers 3255384210 / 3 (0%)151%
TORONTO Maple Leafs 4275576151 / 2 (50%)049%

FLORIDA Panthers
Player Name POS G A P +/- PIM HIT SHT SB MP PP MP PP SHT PK MP PK SHT FO% FOT
Barclay GoodrowLW/RW0000010015:020:0000:560100% 1
Carter VerhaegheC/RW1121006019:302:0400:0000% 0
Cody EakinC/LW0110001014:060:0000:00079% 14
Colton WhiteD0000000015:060:0000:0000% 0
Connor TimminsD1010041016:020:0000:5600% 0
Ian ColeD0110011124:443:2001:2100% 0
Jacob TroubaD1010221219:132:3700:0000% 0
Justin ScottC/LW/RW0000001014:060:0000:0000% 1
Kiril KaprizovLW0001014019:502:0400:2000% 2
Logan BrownC000000004:050:0000:00050% 4
Mario FerraroD0110210320:092:3700:5600% 0
Mark ScheifeleC000-1032021:563:5301:54041% 29
Michael BuntingLW000002104:050:0000:0000% 0
Mikael BacklundC/LW0111013019:502:0410:20057% 21
Morgan GeekieC000000001:240:4300:0000% 0
Nikolay GoldobinLW/RW000-1013123:443:1001:01033% 3
Noah HanifinD0000010124:443:2001:2100% 0
Rickard RakellC/LW/RW000-1031020:053:5300:0300% 2
TORONTO Maple Leafs
Player Name POS G A P +/- PIM HIT SHT SB MP PP MP PP SHT PK MP PK SHT FO% FOT
Alex DebrincatC/LW/RW0221013022:541:0303:250100% 1
Alex GoligoskiD1011442018:451:1400:4400% 0
Brady TkachukLW000-1033012:270:0000:2700% 1
Brett GallantLW000000001:370:0001:3700% 0
Christopher WagnerC/RW011-1001013:550:0001:55046% 13
Corey PerryRW0000005019:221:1410:0000% 1
Derick BrassardC/LW/RW000000003:120:0000:000100% 1
Dominik KahunC/LW/RW011-1002012:000:0000:0000% 0
Drew DoughtyD000-3001013:300:2600:4700% 0
Jack McbainC000000004:380:0001:26033% 3
Jacob MiddletonD000-3000114:370:0002:2000% 0
Jake MuzzinD0112030026:091:0302:2600% 0
Jakub VranaLW/RW2021012019:571:0310:28050% 2
Jonathan HuberdeauC/LW0110002019:221:1400:000100% 1
Jordan KyrouC/RW0111213224:481:0302:08048% 33
Mason MarchmentC/LW1010003019:501:1400:28052% 21
Quinn HughesD0112000226:121:0302:2900% 0
Sebastian AhoD0001020220:450:4803:0800% 0



Play-by-Play

1st period


0:01 of 1st period - Jordan Kyrou wins face-off versus Mark Scheifele in neutral zone.
0:01 of 1st period - Alex Debrincat is hit by Rickard Rakell and loses puck.
0:14 of 1st period - Shot by Jakub Vrana.
0:14 of 1st period - Goal by Jakub Vrana - FLORIDA Panthers : 0 - TORONTO Maple Leafs : 1.
0:15 of 1st period - Mikael Backlund wins face-off versus Mason Marchment in neutral zone.
0:40 of 1st period - Shot by Jonathan Huberdeau.
0:40 of 1st period - Stopped by Petr Mrazek with a rebound.
0:42 of 1st period - Shot by Mason Marchment.
0:42 of 1st period - Shot Hit the Post.
1:14 of 1st period - Mason Marchment is hit by Jacob Trouba and loses puck.
1:16 of 1st period - Minor Penalty to Mario Ferraro for Goalie Interference.
1:17 of 1st period - Jordan Kyrou wins face-off versus Nikolay Goldobin in FLORIDA Panthers zone.
1:30 of 1st period - Shot by Alex Debrincat.
1:30 of 1st period - Shot Misses the Net.
1:32 of 1st period - Shot by Jordan Kyrou.
1:32 of 1st period - Shot Misses the Net.
1:34 of 1st period - Shot by Jakub Vrana.
1:34 of 1st period - Goal by Jakub Vrana - FLORIDA Panthers : 0 - TORONTO Maple Leafs : 2.
1:35 of 1st period - Cody Eakin wins face-off versus Christopher Wagner in neutral zone.
1:43 of 1st period - Dominik Kahun is hit by Connor Timmins and loses puck.
1:47 of 1st period - Christopher Wagner is hit by Connor Timmins and loses puck.
1:53 of 1st period - Dominik Kahun is hit by Connor Timmins and loses puck.
2:02 of 1st period - Shot by Brady Tkachuk.
2:02 of 1st period - Stopped by Petr Mrazek without a rebound.
2:03 of 1st period - Mark Scheifele wins face-off versus Jordan Kyrou in FLORIDA Panthers zone.
2:22 of 1st period - Shot by Alex Debrincat.
2:22 of 1st period - Stopped by Petr Mrazek without a rebound.
2:23 of 1st period - Cody Eakin wins face-off versus Christopher Wagner in FLORIDA Panthers zone.
2:55 of 1st period - Icing by Colton White.
2:56 of 1st period - Cody Eakin wins face-off versus Jordan Kyrou in FLORIDA Panthers zone.
3:01 of 1st period - Shot by Justin Scott.
3:01 of 1st period - Deflect By Cody Eakin.
3:01 of 1st period - Stopped by Carter Hart without a rebound.
3:02 of 1st period - Mark Scheifele wins face-off versus Jakub Vrana in TORONTO Maple Leafs zone.
3:07 of 1st period - Shot by Nikolay Goldobin.
3:07 of 1st period - Stopped by Carter Hart without a rebound.
3:08 of 1st period - Mark Scheifele wins face-off versus Jordan Kyrou in TORONTO Maple Leafs zone.
3:09 of 1st period - Shot by Nikolay Goldobin.
3:09 of 1st period - Stopped by Carter Hart with a rebound.
3:19 of 1st period - Shot by Jordan Kyrou.
3:19 of 1st period - Stopped by Petr Mrazek without a rebound.
3:20 of 1st period - Derick Brassard wins face-off versus Mikael Backlund in FLORIDA Panthers zone.
3:39 of 1st period - Shot by Kiril Kaprizov.
3:39 of 1st period - Stopped by Carter Hart without a rebound.
3:40 of 1st period - Mason Marchment wins face-off versus Mark Scheifele in TORONTO Maple Leafs zone.
5:07 of 1st period - Shot by Jordan Kyrou.
5:07 of 1st period - Stopped by Petr Mrazek with a rebound.
5:09 of 1st period - Shot by Jordan Kyrou.
5:09 of 1st period - Shot Blocked by Mario Ferraro.
5:11 of 1st period - Shot by Alex Debrincat.
5:11 of 1st period - Shot Blocked by Jacob Trouba.
5:46 of 1st period - Shot by Kiril Kaprizov.
5:46 of 1st period - Stopped by Carter Hart with a rebound.
6:21 of 1st period - Icing by Noah Hanifin.
6:22 of 1st period - Mikael Backlund wins face-off versus Jack Mcbain in FLORIDA Panthers zone.
6:42 of 1st period - Off-side.
6:43 of 1st period - Jonathan Huberdeau wins face-off versus Justin Scott in neutral zone.
7:00 of 1st period - Cody Eakin is hit by Alex Goligoski and loses puck.
7:32 of 1st period - Corey Perry is hit by Barclay Goodrow.
8:29 of 1st period - Noah Hanifin is hit by Jordan Kyrou and loses puck.
9:09 of 1st period - Shot by Carter Verhaeghe.
9:09 of 1st period - Shot Hit the Post.
9:11 of 1st period - Shot by Jacob Trouba.
9:11 of 1st period - Goal by Jacob Trouba - FLORIDA Panthers : 1 - TORONTO Maple Leafs : 2.
9:12 of 1st period - Mason Marchment wins face-off versus Mikael Backlund in neutral zone.
9:28 of 1st period - Carter Verhaeghe is hit by Sebastian Aho and loses puck.
9:36 of 1st period - Minor Penalty to Alex Goligoski for Tripping.
9:37 of 1st period - Mark Scheifele wins face-off versus Jordan Kyrou in TORONTO Maple Leafs zone.
9:58 of 1st period - Alex Debrincat is hit by Mark Scheifele and loses puck.
10:37 of 1st period - Shot by Kiril Kaprizov.
10:37 of 1st period - Shot Misses the Net.
10:57 of 1st period - Shot by Carter Verhaeghe.
10:57 of 1st period - Shot Misses the Net.
11:23 of 1st period - Shot by Ian Cole.
11:23 of 1st period - Shot Misses the Net.
12:03 of 1st period - Shot by Jonathan Huberdeau.
12:03 of 1st period - Deflect By Mason Marchment.
12:03 of 1st period - Shot Misses the Net.
12:11 of 1st period - Shot by Mason Marchment.
12:11 of 1st period - Goal by Mason Marchment - FLORIDA Panthers : 1 - TORONTO Maple Leafs : 3.
12:12 of 1st period - Mikael Backlund wins face-off versus Christopher Wagner in neutral zone.
12:23 of 1st period - Shot by Dominik Kahun.
12:23 of 1st period - Deflect By Christopher Wagner.
12:23 of 1st period - Shot Blocked by Jacob Trouba.
12:25 of 1st period - Shot by Sebastian Aho.
12:25 of 1st period - Shot Misses the Net.
12:27 of 1st period - Shot by Dominik Kahun.
12:27 of 1st period - Deflect By Christopher Wagner.
12:27 of 1st period - Shot Misses the Net.
12:29 of 1st period - Shot by Alex Goligoski.
12:29 of 1st period - Goal by Alex Goligoski - FLORIDA Panthers : 1 - TORONTO Maple Leafs : 4.
12:29 of 1st period - Charlie Lindgren enters game.
12:30 of 1st period - Christopher Wagner wins face-off versus Logan Brown in neutral zone.
12:30 of 1st period - Quinn Hughes is hit by Michael Bunting and loses puck.
12:35 of 1st period - Shot by Nikolay Goldobin.
12:35 of 1st period - Shot Misses the Net.
12:37 of 1st period - Shot by Michael Bunting.
12:37 of 1st period - Shot Misses the Net.
12:41 of 1st period - Shot by Michael Bunting.
12:41 of 1st period - Stopped by Carter Hart with a rebound.
12:43 of 1st period - Shot by Michael Bunting.
12:43 of 1st period - Shot Misses the Net.
13:48 of 1st period - Jake Muzzin is hit by Ian Cole and loses puck.
14:21 of 1st period - Shot by Barclay Goodrow.
14:21 of 1st period - Deflect By Cody Eakin.
14:21 of 1st period - Shot Misses the Net.
14:23 of 1st period - Shot by Barclay Goodrow.
14:23 of 1st period - Deflect By Cody Eakin.
14:23 of 1st period - Shot Misses the Net.
14:25 of 1st period - Shot by Justin Scott.
14:25 of 1st period - Stopped by Carter Hart without a rebound.
14:26 of 1st period - Mark Scheifele wins face-off versus Mason Marchment in TORONTO Maple Leafs zone.
14:32 of 1st period - Nikolay Goldobin is hit by Sebastian Aho and loses puck.
14:35 of 1st period - Shot by Mark Scheifele.
14:35 of 1st period - Shot Blocked by Sebastian Aho.
14:48 of 1st period - Icing by Colton White.
14:49 of 1st period - Jordan Kyrou wins face-off versus Mark Scheifele in FLORIDA Panthers zone.
14:55 of 1st period - Icing by Connor Timmins.
14:56 of 1st period - Jordan Kyrou wins face-off versus Mark Scheifele in FLORIDA Panthers zone.
14:59 of 1st period - Shot by Jordan Kyrou.
14:59 of 1st period - Shot Misses the Net.
15:34 of 1st period - Off-side.
15:35 of 1st period - Mikael Backlund wins face-off versus Corey Perry in neutral zone.
15:48 of 1st period - Shot by Mikael Backlund.
15:48 of 1st period - Shot Blocked by Jacob Middleton.
15:50 of 1st period - Shot by Carter Verhaeghe.
15:50 of 1st period - Goal by Carter Verhaeghe - FLORIDA Panthers : 2 - TORONTO Maple Leafs : 4.
15:51 of 1st period - Cody Eakin wins face-off versus Christopher Wagner in neutral zone.
16:15 of 1st period - Icing by Jake Muzzin.
16:16 of 1st period - Mikael Backlund wins face-off versus Christopher Wagner in TORONTO Maple Leafs zone.
16:29 of 1st period - Shot by Mikael Backlund.
16:29 of 1st period - Shot Misses the Net.
16:31 of 1st period - Shot by Carter Verhaeghe.
16:31 of 1st period - Stopped by Carter Hart with a rebound.
16:33 of 1st period - Shot by Carter Verhaeghe.
16:33 of 1st period - Stopped by Carter Hart without a rebound.
16:34 of 1st period - Mark Scheifele wins face-off versus Jordan Kyrou in TORONTO Maple Leafs zone.
16:38 of 1st period - Icing by Alex Debrincat.
16:39 of 1st period - Jakub Vrana wins face-off versus Rickard Rakell in TORONTO Maple Leafs zone.
16:46 of 1st period - Shot by Mark Scheifele.
16:46 of 1st period - Stopped by Carter Hart without a rebound.
16:47 of 1st period - Jordan Kyrou wins face-off versus Mark Scheifele in TORONTO Maple Leafs zone.
16:59 of 1st period - Jake Muzzin is hit by Mark Scheifele and loses puck.
17:09 of 1st period - Icing by Quinn Hughes.
17:10 of 1st period - Mikael Backlund wins face-off versus Jordan Kyrou in TORONTO Maple Leafs zone.
17:17 of 1st period - Shot by Mikael Backlund.
17:17 of 1st period - Stopped by Carter Hart without a rebound.
17:18 of 1st period - Mason Marchment wins face-off versus Mark Scheifele in TORONTO Maple Leafs zone.
17:18 of 1st period - Mason Marchment is hit by Nikolay Goldobin.
17:58 of 1st period - Shot by Mark Scheifele.
17:58 of 1st period - Shot Misses the Net.
18:00 of 1st period - Shot by Noah Hanifin.
18:00 of 1st period - Shot Misses the Net.
18:30 of 1st period - Shot by Alex Debrincat.
18:30 of 1st period - Stopped by Charlie Lindgren without a rebound.
18:31 of 1st period - Cody Eakin wins face-off versus Brady Tkachuk in FLORIDA Panthers zone.
18:31 of 1st period - Barclay Goodrow is hit by Brady Tkachuk and loses puck.
18:48 of 1st period - Barclay Goodrow is hit by Brady Tkachuk.
18:49 of 1st period - Icing by Barclay Goodrow.
18:50 of 1st period - Cody Eakin wins face-off versus Jordan Kyrou in FLORIDA Panthers zone.
18:50 of 1st period - Cody Eakin is hit by Jakub Vrana.
18:55 of 1st period - Off-side.
18:56 of 1st period - Mark Scheifele wins face-off versus Jordan Kyrou in neutral zone.
19:13 of 1st period - Shot by Nikolay Goldobin.
19:13 of 1st period - Stopped by Carter Hart without a rebound.
19:14 of 1st period - Mason Marchment wins face-off versus Mikael Backlund in TORONTO Maple Leafs zone.
19:52 of 1st period - Shot by Kiril Kaprizov.
19:52 of 1st period - Stopped by Carter Hart without a rebound.
19:53 of 1st period - Jordan Kyrou wins face-off versus Mark Scheifele in TORONTO Maple Leafs zone.
19:53 of 1st period - Jordan Kyrou is hit by Mark Scheifele.
19:56 of 1st period - Alex Debrincat is hit by Rickard Rakell and loses puck.
Goals for this period are 2 for FLORIDA Panthers vs 4 for TORONTO Maple Leafs.
Shots for this period are 15 for FLORIDA Panthers vs 10 for TORONTO Maple Leafs.

2nd period


0:01 of 2nd period - Jordan Kyrou wins face-off versus Mark Scheifele in neutral zone.
0:12 of 2nd period - Shot by Alex Debrincat.
0:12 of 2nd period - Stopped by Charlie Lindgren with a rebound.
0:33 of 2nd period - Shot by Ian Cole.
0:33 of 2nd period - Stopped by Carter Hart without a rebound.
0:34 of 2nd period - Mason Marchment wins face-off versus Mikael Backlund in TORONTO Maple Leafs zone.
0:57 of 2nd period - Shot by Kiril Kaprizov.
0:57 of 2nd period - Shot Blocked by Sebastian Aho.
1:05 of 2nd period - Shot by Mikael Backlund.
1:05 of 2nd period - Stopped by Carter Hart without a rebound.
1:06 of 2nd period - Jordan Kyrou wins face-off versus Cody Eakin in TORONTO Maple Leafs zone.
4:10 of 2nd period - Minor Penalty to Jordan Kyrou for Hooking.
4:11 of 2nd period - Mark Scheifele wins face-off versus Jack Mcbain in TORONTO Maple Leafs zone.
4:15 of 2nd period - Mark Scheifele is hit by Jake Muzzin and loses puck.
6:13 of 2nd period - Shot by Corey Perry.
6:13 of 2nd period - Stopped by Charlie Lindgren without a rebound.
6:14 of 2nd period - Cody Eakin wins face-off versus Mason Marchment in FLORIDA Panthers zone.
6:16 of 2nd period - Icing by Justin Scott.
6:17 of 2nd period - Mason Marchment wins face-off versus Cody Eakin in FLORIDA Panthers zone.
7:03 of 2nd period - Icing by Connor Timmins.
7:04 of 2nd period - Cody Eakin wins face-off versus Jordan Kyrou in FLORIDA Panthers zone.
8:23 of 2nd period - Sebastian Aho is hit by Rickard Rakell and loses puck.
8:32 of 2nd period - Shot by Dominik Kahun.
8:32 of 2nd period - Shot Misses the Net.
8:34 of 2nd period - Shot by Brady Tkachuk.
8:34 of 2nd period - Stopped by Charlie Lindgren without a rebound.
8:35 of 2nd period - Barclay Goodrow wins face-off versus Mason Marchment in FLORIDA Panthers zone.
10:24 of 2nd period - Ian Cole is hit by Brady Tkachuk and loses puck.
10:44 of 2nd period - Icing by Rickard Rakell.
10:45 of 2nd period - Mark Scheifele wins face-off versus Jordan Kyrou in FLORIDA Panthers zone.
11:12 of 2nd period - Shot by Jordan Kyrou.
11:12 of 2nd period - Shot Misses the Net.
11:37 of 2nd period - Shot by Mikael Backlund.
11:37 of 2nd period - Shot Blocked by Quinn Hughes.
12:55 of 2nd period - Off-side.
12:56 of 2nd period - Mark Scheifele wins face-off versus Christopher Wagner in neutral zone.
13:18 of 2nd period - Shot by Noah Hanifin.
13:18 of 2nd period - Shot Misses the Net.
13:34 of 2nd period - Shot by Dominik Kahun.
13:34 of 2nd period - Shot Misses the Net.
13:57 of 2nd period - Icing by Mario Ferraro.
13:58 of 2nd period - Mikael Backlund wins face-off versus Mason Marchment in FLORIDA Panthers zone.
14:02 of 2nd period - Off-side.
14:03 of 2nd period - Mikael Backlund wins face-off versus Jordan Kyrou in neutral zone.
14:05 of 2nd period - Mario Ferraro is hit by Jake Muzzin and loses puck.
14:10 of 2nd period - Shot by Carter Verhaeghe.
14:10 of 2nd period - Stopped by Carter Hart without a rebound.
14:11 of 2nd period - Mikael Backlund wins face-off versus Jordan Kyrou in TORONTO Maple Leafs zone.
14:32 of 2nd period - Shot by Jordan Kyrou.
14:32 of 2nd period - Shot Hit the Post.
15:03 of 2nd period - Icing by Jacob Trouba.
15:04 of 2nd period - Mason Marchment wins face-off versus Mikael Backlund in FLORIDA Panthers zone.
15:09 of 2nd period - Shot by Corey Perry.
15:09 of 2nd period - Stopped by Charlie Lindgren with a rebound.
16:09 of 2nd period - Shot by Mark Scheifele.
16:09 of 2nd period - Shot Misses the Net.
16:13 of 2nd period - Shot by Rickard Rakell.
16:13 of 2nd period - Stopped by Carter Hart with a rebound.
17:18 of 2nd period - Off-side.
17:19 of 2nd period - Mason Marchment wins face-off versus Mikael Backlund in neutral zone.
17:19 of 2nd period - Sebastian Aho is hit by Kiril Kaprizov.
17:33 of 2nd period - Shot by Mason Marchment.
17:33 of 2nd period - Stopped by Charlie Lindgren without a rebound.
17:34 of 2nd period - Jack Mcbain wins face-off versus Mark Scheifele in FLORIDA Panthers zone.
17:39 of 2nd period - Shot by Jordan Kyrou.
17:39 of 2nd period - Shot Blocked by Noah Hanifin.
18:46 of 2nd period - Shot by Mason Marchment.
18:46 of 2nd period - Stopped by Charlie Lindgren without a rebound.
18:47 of 2nd period - Cody Eakin wins face-off versus Christopher Wagner in FLORIDA Panthers zone.
19:05 of 2nd period - Dominik Kahun is hit by Connor Timmins and loses puck.
19:14 of 2nd period - Shot by Dominik Kahun.
19:14 of 2nd period - Stopped by Charlie Lindgren without a rebound.
19:15 of 2nd period - Mason Marchment wins face-off versus Mikael Backlund in FLORIDA Panthers zone.
19:44 of 2nd period - Shot by Kiril Kaprizov.
19:44 of 2nd period - Shot Hit the Post.
19:46 of 2nd period - Shot by Kiril Kaprizov.
19:46 of 2nd period - Shot Misses the Net.
19:48 of 2nd period - Shot by Kiril Kaprizov.
19:48 of 2nd period - Stopped by Carter Hart without a rebound.
19:49 of 2nd period - Jordan Kyrou wins face-off versus Mark Scheifele in TORONTO Maple Leafs zone.
Goals for this period are 0 for FLORIDA Panthers vs 0 for TORONTO Maple Leafs.
Shots for this period are 5 for FLORIDA Panthers vs 7 for TORONTO Maple Leafs.

3rd period


0:01 of 3rd period - Jordan Kyrou wins face-off versus Mark Scheifele in neutral zone.
0:37 of 3rd period - Icing by Ian Cole.
0:38 of 3rd period - Mark Scheifele wins face-off versus Mason Marchment in FLORIDA Panthers zone.
1:23 of 3rd period - Shot by Carter Verhaeghe.
1:23 of 3rd period - Stopped by Carter Hart without a rebound.
1:24 of 3rd period - Cody Eakin wins face-off versus Jordan Kyrou in TORONTO Maple Leafs zone.
2:03 of 3rd period - Shot by Cody Eakin.
2:03 of 3rd period - Shot Blocked by Quinn Hughes.
2:14 of 3rd period - Icing by Quinn Hughes.
2:15 of 3rd period - Jordan Kyrou wins face-off versus Rickard Rakell in TORONTO Maple Leafs zone.
2:44 of 3rd period - Shot by Alex Goligoski.
2:44 of 3rd period - Stopped by Charlie Lindgren without a rebound.
2:45 of 3rd period - Christopher Wagner wins face-off versus Kiril Kaprizov in FLORIDA Panthers zone.
2:45 of 3rd period - Drew Doughty is hit by Mario Ferraro and loses puck.
3:09 of 3rd period - Christopher Wagner is hit by Jacob Trouba and loses puck.
3:14 of 3rd period - Shot by Christopher Wagner.
3:14 of 3rd period - Shot Hit the Post.
3:16 of 3rd period - Shot by Christopher Wagner.
3:16 of 3rd period - Shot Blocked by Mario Ferraro.
3:18 of 3rd period - Shot by Brady Tkachuk.
3:18 of 3rd period - Shot Misses the Net.
3:20 of 3rd period - Shot by Christopher Wagner.
3:20 of 3rd period - Stopped by Charlie Lindgren without a rebound.
3:21 of 3rd period - Mark Scheifele wins face-off versus Mason Marchment in FLORIDA Panthers zone.
3:37 of 3rd period - Corey Perry is hit by Noah Hanifin and loses puck.
3:40 of 3rd period - Shot by Corey Perry.
3:40 of 3rd period - Shot Misses the Net.
3:42 of 3rd period - Shot by Corey Perry.
3:42 of 3rd period - Deflect By Mason Marchment.
3:42 of 3rd period - Shot Misses the Net.
4:09 of 3rd period - Icing by Mark Scheifele.
4:10 of 3rd period - Jordan Kyrou wins face-off versus Mark Scheifele in FLORIDA Panthers zone.
5:00 of 3rd period - Shot by Carter Verhaeghe.
5:00 of 3rd period - Shot Misses the Net.
5:13 of 3rd period - Icing by Quinn Hughes.
5:14 of 3rd period - Jordan Kyrou wins face-off versus Cody Eakin in TORONTO Maple Leafs zone.
5:27 of 3rd period - Shot by Dominik Kahun.
5:27 of 3rd period - Deflect By Brady Tkachuk.
5:27 of 3rd period - Stopped by Charlie Lindgren without a rebound.
5:28 of 3rd period - Christopher Wagner wins face-off versus Logan Brown in FLORIDA Panthers zone.
5:40 of 3rd period - Noah Hanifin is hit by Alex Goligoski and loses puck.
5:43 of 3rd period - Shot by Michael Bunting.
5:43 of 3rd period - Shot Misses the Net.
6:53 of 3rd period - Shot by Mason Marchment.
6:53 of 3rd period - Deflect By Corey Perry.
6:53 of 3rd period - Shot Misses the Net.
7:03 of 3rd period - Shot by Corey Perry.
7:03 of 3rd period - Stopped by Charlie Lindgren without a rebound.
7:04 of 3rd period - Mikael Backlund wins face-off versus Jordan Kyrou in FLORIDA Panthers zone.
7:49 of 3rd period - Shot by Carter Verhaeghe.
7:49 of 3rd period - Stopped by Carter Hart with a rebound.
8:42 of 3rd period - Icing by Jake Muzzin.
8:43 of 3rd period - Cody Eakin wins face-off versus Jordan Kyrou in TORONTO Maple Leafs zone.
9:51 of 3rd period - Icing by Alex Goligoski.
9:52 of 3rd period - Mikael Backlund wins face-off versus Mason Marchment in TORONTO Maple Leafs zone.
10:00 of 3rd period - Carter Verhaeghe is hit by Alex Goligoski and loses puck.
10:06 of 3rd period - Icing by Sebastian Aho.
10:07 of 3rd period - Mason Marchment wins face-off versus Mark Scheifele in TORONTO Maple Leafs zone.
10:29 of 3rd period - Icing by Sebastian Aho.
10:30 of 3rd period - Mikael Backlund wins face-off versus Mason Marchment in TORONTO Maple Leafs zone.
10:30 of 3rd period - Mikael Backlund is hit by Alex Goligoski.
10:43 of 3rd period - Minor Penalty to Alex Goligoski for Holding.
10:44 of 3rd period - Christopher Wagner wins face-off versus Mark Scheifele in TORONTO Maple Leafs zone.
11:23 of 3rd period - Shot by Ian Cole.
11:23 of 3rd period - Shot Misses the Net.
11:25 of 3rd period - Shot by Mark Scheifele.
11:25 of 3rd period - Shot Misses the Net.
11:43 of 3rd period - Quinn Hughes is hit by Mikael Backlund and loses puck.
11:54 of 3rd period - Shot by Mario Ferraro.
11:54 of 3rd period - Shot Misses the Net.
12:00 of 3rd period - Shot by Mikael Backlund.
12:00 of 3rd period - Shot Blocked by Jordan Kyrou.
12:02 of 3rd period - Shot by Mario Ferraro.
12:02 of 3rd period - Shot Blocked by Jordan Kyrou.
12:04 of 3rd period - Shot by Jacob Trouba.
12:04 of 3rd period - Deflect By Mikael Backlund.
12:04 of 3rd period - Stopped by Carter Hart without a rebound.
12:05 of 3rd period - Alex Debrincat wins face-off versus Mark Scheifele in TORONTO Maple Leafs zone.
13:13 of 3rd period - Shot by Corey Perry.
13:13 of 3rd period - Stopped by Charlie Lindgren with a rebound.
13:15 of 3rd period - Shot by Mason Marchment.
13:15 of 3rd period - Shot Misses the Net.
13:17 of 3rd period - Shot by Jonathan Huberdeau.
13:17 of 3rd period - Stopped by Charlie Lindgren with a rebound.
13:41 of 3rd period - Kiril Kaprizov is hit by Jake Muzzin and loses puck.
14:17 of 3rd period - Minor Penalty to Jacob Trouba for Hooking.
14:18 of 3rd period - Nikolay Goldobin wins face-off versus Mason Marchment in FLORIDA Panthers zone.
14:27 of 3rd period - Shot by Corey Perry.
14:27 of 3rd period - Shot Misses the Net.
15:13 of 3rd period - Barclay Goodrow is hit by Alex Debrincat.
16:13 of 3rd period - Shot by Corey Perry.
16:13 of 3rd period - Stopped by Charlie Lindgren without a rebound.
16:14 of 3rd period - Jordan Kyrou wins face-off versus Nikolay Goldobin in FLORIDA Panthers zone.
16:23 of 3rd period - Shot by Christopher Wagner.
16:23 of 3rd period - Shot Misses the Net.
16:25 of 3rd period - Shot by Drew Doughty.
16:25 of 3rd period - Stopped by Charlie Lindgren without a rebound.
16:26 of 3rd period - Christopher Wagner wins face-off versus Kiril Kaprizov in FLORIDA Panthers zone.
16:27 of 3rd period - Shot by Dominik Kahun.
16:27 of 3rd period - Shot Blocked by Ian Cole.
16:32 of 3rd period - Off-side.
16:33 of 3rd period - Logan Brown wins face-off versus Jordan Kyrou in neutral zone.
16:38 of 3rd period - Jacob Middleton is hit by Michael Bunting.
16:44 of 3rd period - Shot by Jordan Kyrou.
16:44 of 3rd period - Shot Blocked by Nikolay Goldobin.
16:46 of 3rd period - Shot by Jordan Kyrou.
16:46 of 3rd period - Stopped by Charlie Lindgren without a rebound.
16:47 of 3rd period - Christopher Wagner wins face-off versus Mikael Backlund in FLORIDA Panthers zone.
16:50 of 3rd period - Shot by Dominik Kahun.
16:50 of 3rd period - Stopped by Charlie Lindgren without a rebound.
16:51 of 3rd period - Logan Brown wins face-off versus Jordan Kyrou in FLORIDA Panthers zone.
18:09 of 3rd period - Icing by Alex Goligoski.
18:10 of 3rd period - Mason Marchment wins face-off versus Mikael Backlund in TORONTO Maple Leafs zone.
18:36 of 3rd period - Shot by Mason Marchment.
18:36 of 3rd period - Shot Blocked by Mario Ferraro.
18:38 of 3rd period - Shot by Jonathan Huberdeau.
18:38 of 3rd period - Shot Misses the Net.
19:06 of 3rd period - Shot by Connor Timmins.
19:06 of 3rd period - Goal by Connor Timmins - FLORIDA Panthers : 3 - TORONTO Maple Leafs : 4.
19:07 of 3rd period - Jordan Kyrou wins face-off versus Mark Scheifele in neutral zone.
19:16 of 3rd period - FLORIDA Panthers, Charlie Lindgren is pulled from the net.
19:18 of 3rd period - Shot by Mark Scheifele.
19:18 of 3rd period - Stopped by Carter Hart without a rebound.
19:19 of 3rd period - Jordan Kyrou wins face-off versus Mark Scheifele in TORONTO Maple Leafs zone.
Goals for this period are 1 for FLORIDA Panthers vs 0 for TORONTO Maple Leafs.
Shots for this period are 5 for FLORIDA Panthers vs 10 for TORONTO Maple Leafs.